 Dungeon Crawl Stone Soup version 0.31.0-11-ge490571c62 (webtiles) character file.

Game seed: 6828588546946661536

419 monsoonserge the Magician (level 7, -11/45 HPs)
             Began as a Djinni Fire Elementalist on Feb 10, 2024.
             Mangled by Duvessa
             ... wielding a +0 short sword
              (14 damage)
             ... on level 4 of the Dungeon.
             The game lasted 00:07:19 (2266 turns).

monsoonserge the Magician (DjFE)                    Turns: 2266, Time: 00:07:20

Health: -11/45     AC:  3    Str: 13    XL:     7   Next: 16%
Gold:   212        EV: 12    Int: 18    God:
                   SH:  0    Dex: 14

rFire   + + .        c - +1 dagger (venom)
rCold   x . .        (no shield)
rNeg    . . .        b - +0 leather armour
rPois   ∞            (no helmet)
rElec   .            (no cloak)
rCorr   .            (no gloves)
SInv    .            (boots unavailable)
Will    .....        (no amulet)
Stlth   ++           p - +6 ring of strength
HPRegen 0.27/turn    (no ring)
MPRegen 0.00/turn

%: infuse magic (-12 HP)
@: flying
A: sickness immunity, fire resistance 2, cold vulnerability 1, float, innate
caster, HP casting, extra vitality 1
a: no special abilities


You were on level 4 of the Dungeon.
You visited 1 branch of the dungeon, and saw 4 of its levels.

You collected 212 gold pieces.

Inventory:

Hand Weapons
 c - a +1 dagger of venom (weapon)
 q - a +1 mace of holy wrath
Missiles
 f - 5 javelins (quivered)
 j - 2 boomerangs
Armour
 a - a +0 robe
 b - a +0 leather armour (worn)
 n - a +0 ring mail
Jewellery
 p - a +6 ring of strength (left hand)
Scrolls
 d - a scroll of fog
 g - 3 scrolls of teleportation {unknown}
 i - a scroll of enchant weapon
 l - a scroll of brand weapon
 o - a scroll of enchant armour
Potions
 e - a potion of brilliance
 h - a potion of enlightenment
 k - a potion of resistance
 m - a potion of curing {unknown}
 r - a potion of haste {unknown}


   Skills:
 * Level 4.0 Armour
 + Level 2.6 Dodging
 - Level 2.0 Stealth
 * Level 5.0 Spellcasting
 * Level 5.0 Conjurations
 * Level 5.0 Hexes
 * Level 5.0 Summonings
 * Level 5.0 Necromancy
 * Level 5.0 Translocations
 * Level 5.0 Fire Magic
 * Level 5.0 Ice Magic
 * Level 5.0 Air Magic
 * Level 5.0 Earth Magic
 * Level 5.0 Alchemy


You knew the following spells:

 Your Spells              Type           Power      Damage    Failure   Level
a - Foxfire               Conj/Fire      88%        2x1d8     1%          1
b - Scorch                Fire           44%        2d6       3%          2
c - Volatile Blastmotes   Fire/Tloc      44%        2d13      6%          3
d - Inner Flame           Hex/Fire       22%        N/A       6%          3
e - Flame Wave            Conj/Fire      22%        2d8       21%         4
f - Apportation           Tloc           44%        N/A       1%          1
g - Jinxbite              Hex            44%        N/A       3%          2
h - Call Imp              Summ           44%        N/A       3%          2
Your spell library was empty.

Dungeon Overview and Level Annotations

Branches:
Dungeon (4/15)
 Temple: D:4-7

Altars:
Gozag

Annotations:
D:3 3 runed translucent doors, Consumeair16's ghost, amateur GnFi
D:4 Duvessa


Innate Abilities, Weirdness & Mutations

You are immune to sickness and miasma.
You are immune to poison.
Your flesh is very heat resistant. (rF++)
You are vulnerable to cold. (rC-)
You float through the air rather than walking.
You learn spells naturally, not from books.
Your magical power is your life essence.
You have superior vitality. (+4 MHP)


Message History

You can't see any susceptible monsters within range! (Use Z to cast anyway.) Unknown command.
Casting: Volatile Blastmotes (dangerous; 6% risk of failure)
Confirm with . or Enter, or press ? or * to list all spells.
You conjure some foxfire!
The cloud of blastmotes explodes!
The concussive blast engulfs Duvessa!
Duvessa is severely wounded.
The concussive blast engulfs your foxfire.
Your foxfire completely resists.
The concussive blast engulfs your foxfire.
Your foxfire completely resists.
Casting: Foxfire (safe; 1% risk of failure)
Confirm with . or Enter, or press ? or * to list all spells.
Flames lash Duvessa.
Duvessa is severely wounded.
Duvessa's fire resistance burns away.
The foxfire hits Duvessa but does no damage.
Duvessa is severely wounded.
Casting: Scorch (safe; 3% risk of failure)
Confirm with . or Enter, or press ? or * to list all spells.
Flames lash Duvessa.
Duvessa is burned terribly!
Duvessa is almost dead.
Duvessa hits you with a +0 short sword! Duvessa closely misses you.
Unknown command.
Casting: Scorch (safe; 3% risk of failure)
Confirm with . or Enter, or press ? or * to list all spells.
Flames lash Duvessa.
Duvessa is almost dead.
Duvessa hits you with a +0 short sword!
* * * LOW HITPOINT WARNING * * *
Unknown command.
Casting: Scorch (safe; 3% risk of failure)
Confirm with . or Enter, or press ? or * to list all spells.
Flames lash Duvessa.
Duvessa is burned terribly!
Duvessa is almost dead.
* * * LOW HITPOINT WARNING * * *
Duvessa hits you with a +0 short sword.
* * * LOW HITPOINT WARNING * * *
Duvessa hits you with a +0 short sword!
You die...

### ##.............
#.###.........###..
##.............# #..
###...................
##.#...................
#.............#......##
##.#####.#....###...##.
#...###.#....[. .#....
#....@#.....#.##.#....
##...e......#.#..##...
##...##.##.#.........
##.........##.#.....
#)....##....#......
#..#...#....<......
#..#......#........
#..#.....#.........
.... ###.##........


You could see Duvessa (berserk, combustible).

Vanquished Creatures
  Grinder (D:4)
  Blork the orc (D:4)
  Dowan (D:4)
  A bombardier beetle (D:3)
  An iguana (D:4)
  An adder (D:4)
  2 orcs
  5 bats
  2 endoplasms
  2 giant cockroaches
  6 goblins
  7 hobgoblins
  6 kobolds
  6 quokkas
  4 ball pythons
  5 frilled lizards
  4 rats
55 creatures vanquished.

Vanquished Creatures (others)
  118 foxfires
118 creatures vanquished.

Grand Total: 173 creatures vanquished

Notes
Turn   | Place    | Note
-------+----------+-------------------------------------------
     0 | D:1      | monsoonserge the Djinni Fire Elementalist began the quest
                  | for the Orb.
     0 | D:1      | monsoonserge set off with the following spells memorised:
                  | Foxfire, Scorch, Volatile Blastmotes, Inner Flame, Flame
                  | Wave.
     0 | D:1      | Reached XP level 1. HP: 15/15 MP: 0/0
   116 | D:1      | Reached XP level 2. HP: 20/21 MP: 0/0
   702 | D:2      | Reached XP level 3. HP: 23/25 MP: 0/0
   702 | D:2      | Learned a level 1 spell: Apportation
   804 | D:2      | Reached skill level 1 in Armour
  1406 | D:3      | Found a runed translucent gate.
  1406 | D:3      | Found a runed translucent gate.
  1406 | D:3      | Found a runed translucent gate.
  1408 | D:3      | Found an opulent altar of Gozag.
  1408 | D:3      | Noticed a bullfrog
  1410 | D:3      | Noticed Consumeair16's ghost (amateur GnFi)
  1455 | D:3      | Reached XP level 4. HP: 26/31 MP: 0/0
  1863 | D:4      | Noticed Blork the orc
  1871 | D:4      | Killed Blork the orc
  1872 | D:4      | Reached XP level 5. HP: 28/35 MP: 0/0
  1872 | D:4      | Learned a level 2 spell: Jinxbite
  2111 | D:4      | Noticed Grinder
  2121 | D:4      | Killed Grinder
  2122 | D:4      | Reached XP level 6. HP: 22/40 MP: 0/0
  2122 | D:4      | Reached XP level 7. HP: 25/45 MP: 0/0
  2122 | D:4      | Learned a level 2 spell: Call Imp
  2249 | D:4      | Noticed Duvessa
  2252 | D:4      | Noticed Dowan
  2261 | D:4      | Killed Dowan
  2262 | D:4      | Reached skill level 5 in Spellcasting
  2262 | D:4      | Reached skill level 5 in Conjurations
  2262 | D:4      | Reached skill level 5 in Hexes
  2262 | D:4      | Reached skill level 5 in Summonings
  2262 | D:4      | Reached skill level 5 in Necromancy
  2262 | D:4      | Reached skill level 5 in Translocations
  2262 | D:4      | Reached skill level 5 in Fire Magic
  2262 | D:4      | Reached skill level 5 in Ice Magic
  2262 | D:4      | Reached skill level 5 in Air Magic
  2262 | D:4      | Reached skill level 5 in Earth Magic
  2262 | D:4      | Reached skill level 5 in Alchemy
  2266 | D:4      | Mangled by Duvessa

Illustrated notes

Levels and vault maps discovered:
D:1:      ncdulo_smallfort, layout_rooms, nicolae_figureground_pulse
D:2:      layout_rooms, kennysheep_generic_room_9
D:3:      layout_basic, ebering_ghost_gozag, kennysheep_nub, minmay_unequal
D:4:      layout_cave_pools, uniq_blork_the_orc, uniq_duvessa, uniq_robin,
          uniq_grinder

Skill      XL: |  1  2  3  4  5  6  7 |
---------------+----------------------+-----
Armour         | 1 2 3 4 |  4.0
Stealth        | 2 |  2.0
Spellcasting   | 4 5 |  5.0
Conjurations   | 4 5 |  5.0
Hexes          | 4 5 |  5.0
Summonings     | 4 5 |  5.0
Necromancy     | 4 5 |  5.0
Translocations | 4 5 |  5.0
Fire Magic     | 4 5 |  5.0
Ice Magic      | 4 5 |  5.0
Air Magic      | 4 5 |  5.0
Earth Magic    | 4 5 |  5.0
Alchemy        | 4 5 |  5.0
Dodging        | |  2.6

Action                     |  1- 3 |  4- 6 |  7- 9 || total
---------------------------+-------+-------+-------++-------
  Melee: Dagger            |     4 |       |       ||     4
   Cast: Foxfire           |    45 |    21 |     7 ||    73
         Scorch            |    14 |    14 |     5 ||    33
         Volatile Blastmot |       |       |     2 ||     2
    Use: Scroll            |       |     7 |       ||     7
 Armour: Leather armour    |     7 |     2 |     4 ||    13
  Dodge: Dodged            |    11 |       |     1 ||    12
